AoeStats
← Gorlami

Black Forest

510196746Analyzed
3v3 RM · 18h ago on Sep 29, 2026· 71m 48s· 6 players
Game mode
Random Map
Map size
Normal (6 player)
Population
200
Speed
Normal
Resources
Standard
Victory
Conquest
Starting age
Dark Age
Ending age
Imperial Age
RankedLock teamsTeams togetherTeam positionsShared explorationLock speedFull tech treeHidden civsTurbo modeCheats
Victory
Defeat
🇨🇭 Wei · Switzerland
1806
+13
🇨🇭 Goths · Switzerland
1703
+17
🇪🇨 Persians · Ecuador
1510
+24
🇦🇷 Teutons · Argentina
1780
-21
🇦🇷 Lithuanians · Argentina
1697
-17
🇦🇷 Saracens · Argentina
1675
-16
[BÜN] Schmirgel
1:56 Loom
10:51 Feudal Age
11:34 Double-Bit Axe
12:25 Horse Collar
13:43 Stone Mining
14:47 Gold Mining
19:07 Wheelbarrow
23:35 Castle Age
22:21 Fletching
24:41 Bow Saw
24:41 Bodkin Arrow
25:42 Stone Shaft Mining
25:10 Heavy Plow
25:27 Bodkin Arrow
25:52 Hand Cart
26:58 Guard Tower
28:52 Masonry
28:44 Town Watch
32:28 Fortified Wall
37:29 Imperial Age
37:20 Padded Archer Armor
38:44 Parthian Tactics
38:25 Thumb Ring
38:22 Bracer
38:43 Bloodlines
38:34 Husbandry
38:54 Leather Archer Armor
39:02 Ballistics
39:43 Chemistry
41:03 Ring Archer Armor
40:54 Caravan
52:50 Coinage
54:32 Banking
60:09 Conscription
59:50 Tuntian
60:22 Ming Guang Armor
[SotC] Gandalf
1:09 Loom
11:37 Feudal Age
12:35 Double-Bit Axe
16:04 Castle Age
14:08 Horse Collar
15:17 Stone Mining
16:47 Bow Saw
24:40 Wheelbarrow
23:50 Town Watch
24:03 Light Cavalry
25:44 Town Watch
27:27 Heavy Plow
32:42 Imperial Age
30:29 Hand Cart
30:21 Fletching
31:12 Ballistics
31:38 Gold Mining
31:47 Bodkin Arrow
33:12 Gold Shaft Mining
32:51 Forging
34:19 Chemistry
33:45 Scale Barding Armor
35:22 Chain Barding Armor
36:36 Conscription
36:59 Crop Rotation
37:09 Plate Barding Armor
37:36 Conscription
38:31 Padded Archer Armor
38:57 Kamandaran
39:28 Leather Archer Armor
38:40 Crossbowman
39:51 Thumb Ring
39:53 Town Patrol
39:50 Murder Holes
40:06 Masonry
39:27 Hussar
40:18 Bloodlines
41:20 Ring Archer Armor
41:16 Parthian Tactics
42:26 Architecture
42:32 Iron Casting
42:39 Husbandry
44:36 Blast Furnace
44:14 Caravan
44:02 Elite Skirmisher
47:01 Coinage
46:41 Guilds
50:01 Gambesons
50:16 Squires
50:02 Arson
49:38 Pikeman
51:06 Guard Tower
51:07 Heated Shot
52:54 Halberdier
55:37 Banking
55:16 Elite War Elephant
60:54 Capped Ram
63:15 Siege Ram
65:59 Onager
67:39 Hoardings
67:17 Citadels
67:27 Citadels
68:26 Cavalier
71:17 Savar
[BÜN] Mr. Grüezi
0:46 Loom
11:20 Feudal Age
12:23 Double-Bit Axe
16:11 Castle Age
14:04 Horse Collar
14:01 Man-at-Arms
17:11 Bow Saw
16:35 Long Swordsman
20:13 Squires
22:49 Wheelbarrow
24:37 Town Watch
29:03 Fletching
30:10 Hand Cart
34:06 Imperial Age
31:41 Stone Mining
31:42 Gold Mining
31:55 Bodkin Arrow
32:23 Treadmill Crane
33:04 Ballistics
32:55 Masonry
32:35 Pikeman
33:40 Heavy Plow
33:59 Town Patrol
34:10 Halberdier
34:27 Capped Ram
36:12 Chemistry
35:43 Architecture
35:36 Bracer
35:37 Padded Archer Armor
35:38 Scale Mail Armor
35:48 Forging
38:13 Guilds
37:26 Elite Skirmisher
39:24 Conscription
39:07 Anarchy
40:06 Leather Archer Armor
40:07 Chain Mail Armor
40:27 Iron Casting
40:57 Coinage
43:55 Ring Archer Armor
44:25 Blast Furnace
43:53 Onager
45:29 Banking
46:11 Two-Man Saw
45:04 Elite Huskarl
48:28 Caravan
51:42 Perfusion
52:18 Crop Rotation
Lic. VELEZ Y VINO
7:36 Loom
10:54 Feudal Age
14:36 Castle Age
12:26 Double-Bit Axe
13:14 Horse Collar
15:31 Bow Saw
24:46 Wheelbarrow
29:33 Imperial Age
27:56 Scale Barding Armor
28:45 Forging
28:57 Chain Barding Armor
29:04 Heavy Plow
30:16 Husbandry
30:26 Bloodlines
31:51 Plate Barding Armor
32:47 Chemistry
32:37 Iron Casting
31:56 Fletching
33:14 Hand Cart
34:17 Conscription
34:52 Iron Casting
35:08 Bodkin Arrow
35:10 Elite Mameluke
38:27 Blast Furnace
37:28 Bracer
39:08 Hoardings
39:48 Siege Engineers
42:53 Masonry
43:12 Caravan
42:42 Capped Ram
42:59 Onager
45:25 Counterweights
45:27 Bimaristan
45:37 Siege Ram
46:46 Siege Onager
55:59 Light Cavalry
Gorlami
0:50 Loom
10:30 Feudal Age
11:00 Double-Bit Axe
12:50 Horse Collar
13:19 Town Watch
15:22 Fletching
21:30 Castle Age
22:06 Bodkin Arrow
23:40 Guard Tower
29:05 Redemption
31:15 Bow Saw
36:09 Imperial Age
33:58 Scale Mail Armor
34:09 Forging
34:17 Pikeman
34:57 Squires
36:12 Ballistics
36:43 Heavy Plow
36:35 Gold Mining
36:36 Stone Mining
37:54 Chemistry
37:55 Devotion
38:10 Block Printing
39:08 Chain Mail Armor
39:03 Forging
40:04 Keep
40:03 Scale Barding Armor
41:09 Illumination
41:05 Sanctity
40:56 Fervor
41:53 Caravan
42:23 Coinage
42:33 Chain Barding Armor
42:49 Iron Casting
42:41 Siege Engineers
43:14 Theocracy
43:58 Bloodlines
44:26 Plate Barding Armor
45:10 Two-Man Saw
44:41 Crop Rotation
46:19 Blast Furnace
47:14 Banking
46:54 Guilds
47:21 Stone Shaft Mining
47:54 Plate Mail Armor
48:39 Cavalier
50:18 Halberdier
54:00 Paladin
56:22 Masonry
65:38 Wheelbarrow
MUERE CACA
1:02 Loom
9:21 Feudal Age
9:50 Double-Bit Axe
17:43 Castle Age
16:08 Horse Collar
21:11 Town Watch
23:08 Bow Saw
24:14 Redemption
25:16 Sanctity
25:30 Heavy Plow
28:36 Wheelbarrow
29:11 Fortified Wall
29:42 Gold Mining
29:42 Stone Mining
33:08 Imperial Age
33:40 Hand Cart
35:01 Chemistry
34:31 Padded Archer Armor
35:23 Conscription
39:58 Elite Skirmisher
40:30 Fletching
40:56 Leather Archer Armor
41:08 Masonry
41:47 Hoardings
42:54 Architecture
43:28 Ring Archer Armor
42:54 Bodkin Arrow
45:04 Tower Shields
45:46 Bracer
45:58 Scale Barding Armor
46:53 Bloodlines
46:43 Husbandry
46:04 Light Cavalry
48:07 Two-Man Saw
47:27 Crossbowman
48:33 Chain Barding Armor
48:24 Forging
48:04 Winged Hussar
56:32 Caravan
67:20 Plate Barding Armor
Connection lost

Rejoining the realm…

Still unreachable

The connection could not be restored.

Session expired

The server has moved on; the page needs a fresh start.